 Dungeon Crawl Stone Soup version 0.27.0-1-g7a089689b8 (webtiles) character file.

Game seed: 6969476337568057449

88701 gimp the Thaumaturge (level 15, 0/117 HPs)
             Began as a Naga Earth Elementalist on Aug 5, 2021.
             Was a High Priest of Vehumet.
             Slain by a fire elemental (7 damage)
             ... led by Azrael
             ... on level 11 of the Dungeon.
             The game lasted 01:10:00 (27658 turns).

gimp the Thaumaturge (Naga Earth Elementalist)     Turns: 27658, Time: 01:10:00

Health: 0/117      AC: 10    Str: 14    XL:     15   Next: 94%
Magic:  28/31      EV: 10    Int: 26    God:    Vehumet [*****.]
Gold:   2315       SH: 12    Dex: 15    Spells: 4/39 levels left

rFire    . . .     SeeInvis +   a - staff of earth
rCold    + + .     Faith    .   W - +1 kite shield of Fieful {Str+3 Dex+2}
rNeg     . . .     Spirit   .   x - +0 troll leather armour
rPois    +         Reflect  .   P - +1 hat {SInv}
rElec    +         Harm     .   I - +1 cloak {Will+}
rCorr    +         Rampage  .   (no gloves)
Will     ++...                  (no barding)
Stlth    ++++......             M - amulet of magic regeneration
HPRegen  1.29/turn              H - ring of ice
MPRegen  0.47/turn              G - +6 ring of intelligence

@: resistant, very slow
A: AC +5, large, see invisible, deformed body, poison resistance, slowness 2,
spit poison 1, naga tail 2
a: Spit Poison, Renounce Religion


You were on level 11 of the Dungeon.
You worshipped Vehumet.
Vehumet was extremely pleased with you.
You visited 4 branches of the dungeon, and saw 21 of its levels.
You also visited: Volcano.

You collected 3166 gold pieces.
You spent 851 gold pieces at shops.

Inventory:

Hand Weapons
 b - a +4 dagger of venom
Missiles
 c - 477 stones
 k - 11 throwing nets
 E - a curare-tipped dart
Armour
 x - a +0 troll leather armour (worn)
 I - a +1 cloak of willpower (worn)
 P - a +1 hat of see invisible (worn)
 S - a +2 leather armour of fire resistance
 W - the +1 kite shield of Fieful (worn) {Str+3 Dex+2}
   (You bought it in a shop on level 2 of the Orcish Mines)

   Str:       It affects your strength (+3).
   Dex:       It affects your dexterity (+2).
Magical Staves
 a - a staff of earth (weapon)
 Q - a staff of fire
 R - a staff of air
Jewellery
 j - a ring of flight
 t - a +6 ring of strength
 u - a ring of positive energy
 v - a +4 ring of slaying
 z - a ring of resist corrosion
 F - a ring of protection from fire
 G - a +6 ring of intelligence (right hand)
 H - a ring of ice (left hand)
 M - an amulet of magic regeneration (around neck)
Wands
 d - a wand of flame (98)
 g - a wand of digging (9)
 h - a wand of iceblast (29)
 s - a wand of charming (7)
 J - a wand of paralysis (9)
 L - a wand of polymorph (2)
 T - a wand of acid (7)
Scrolls
 f - 2 scrolls of vulnerability
 i - a scroll of summoning
 l - 2 scrolls of enchant armour
 o - 2 scrolls of magic mapping
 q - 3 scrolls of silence
 y - 2 scrolls of fog
 B - 2 scrolls of fear
 C - 4 scrolls of teleportation
 V - a scroll of holy word
Potions
 m - 5 potions of curing
 n - 2 potions of might
 p - 4 potions of brilliance
 r - a potion of resistance
 w - 2 potions of mutation
 D - 3 potions of cancellation
 K - 2 potions of ambrosia
 N - a potion of flight
 U - a potion of haste


   Skills:
 - Level 3.0 Fighting
 - Level 6.2 Short Blades
 + Level 1.3 Armour
 - Level 3.0 Dodging
 - Level 10.0 Stealth
 - Level 9.0 Shields
 + Level 12.6 Spellcasting
 + Level 10.9 Conjurations
 - Level 4.0 Summonings
 - Level 10.0 Transmutations
 + Level 4.7 Fire Magic
 - Level 10.0 Earth Magic
 - Level 8.0 Evocations


You had 4 spell levels left.
You knew the following spells:

 Your Spells              Type           Power      Damage    Failure   Level
a - Stone Arrow           Conj/Erth      100%       3d13      1%          3
b - Sandblast             Erth           100%       2d20      1%          1
c - Petrify               Tmut/Erth      80%        N/A       1%          4
d - Irradiate             Conj/Tmut      31%        3d24      1%          5
e - Fireball              Conj/Fire      27%        3d12      1%          5
f - Bolt of Magma         Conj/Fire/Erth 37%        4d16      1%          5
g - Apportation           Tloc           32%        N/A       4%          1
h - Lee's Rapid Deconstr  Erth           40%        3d21*     1%          5
i - Iron Shot             Conj/Erth      41%        9d8       2%          6

Your spell library contained the following spells:

 Spells                   Type           Power      Damage    Failure   Level
 Foxfire                  Conj/Fire      100%       2x1d9     1%          1
 Freeze                   Ice            96%        1d11      1%          1
 Summon Small Mammal      Summ           100%       N/A       1%          1
 Passwall                 Tmut/Erth      66%        N/A       1%          2
 Conjure Flame            Conj/Fire      55%        6-21      1%          3
 Ignite Poison            Fire/Tmut/Pois 41%        N/A       1%          3
 Inner Flame              Hex/Fire       28%        N/A       1%          3
 Mephitic Cloud           Conj/Pois/Air  35%        N/A       1%          3
 Hailstorm                Conj/Ice       61%        3d13      1%          4
 Animate Armour           Summ/Erth      100%       N/A       2%          4
 Frozen Ramparts          Ice            48%        1d6       3%          3
 Animate Skeleton         Necr           32%        N/A       4%          1
 Corona                   Hex            17%        N/A       4%          1
 Ice Form                 Ice/Tmut       59%        N/A       5%          4
 Ensorcelled Hibernation  Hex/Ice        48%        N/A       7%          2
 Sublimation of Blood     Necr           8%         N/A       7%          2
 Tukima's Dance           Hex            16%        N/A       13%         3
 Blade Hands              Tmut           31%        N/A       1%          5
 Iskenderun's Battlesphe  Conj           65%        2d11      1%          5
 Alistair's Intoxication  Tmut/Pois      28%        N/A       16%         5
 Spellforged Servitor     Conj/Summ      26%        N/A       38%         7
 Lehudib's Crystal Spear  Conj/Erth      41%        10d10     65%         8
 Invisibility             Hex            8%         N/A       100%        6
 Simulacrum               Ice/Necr       12%        N/A       100%        6


Dungeon Overview and Level Annotations

Branches:
Dungeon (12/15)            Temple (1/1) D:7            Lair (6/6) D:11
  Swamp (0/4) Lair:3        Snake (0/4) Lair:3        Slime (0/5) Lair:6
    Orc (2/2) D:10            Elf (0/3) Orc:2       Volcano (visited)

Altars:
Ashenzari
Cheibriados
Dithmenos
Elyvilon
Fedhas
Gozag
Hepliaklqana
Kikubaaqudgha
Makhleb
Nemelex Xobeh
Okawaru
Qazlal
Ru
Sif Muna
Trog
Uskayaw
Vehumet
Wu Jian
Xom
Yredelemnul
Zin
The Shining One
Beogh

Shops:
D:5 ::   D:11 ?   Orc:1 *   Orc:2 *[([

Annotations:
D:12 3 runed translucent doors, exclusion: obsidian statue, Azrael; tiocybot's ghost, journeyman GnTm
Lair:4 Rupert
Lair:6 exclusion: 5 oklob plants
Orc:2 3 runed translucent doors, Cagyjeol's ghost, journeyman MiBe


Innate Abilities, Weirdness & Mutations

Your serpentine skin is tough. (AC +5)
You have supernaturally acute eyesight. (SInv)
Armour fits poorly on your strangely shaped body.
Your system is resistant to poisons. (rPois)
You cover ground very slowly.
You can spit poison.
You can use your snake-like lower body to constrict enemies.


Message History

The fire burns you terribly!
You take 34 damage, and have 74/117 hp.
MASSIVE DAMAGE!!
You now have 26/31 mp.
The fire elemental hits you. The fire elemental burns you!
The fire burns you terribly! Azrael gestures at you.
The fireball explodes!
The fireball engulfs the fire elemental.
The fire elemental completely resists.
The fireball engulfs you! The fire burns you terribly!
The fireball engulfs the fire elemental.
The fire elemental completely resists.
The fireball engulfs the fire elemental.
The fire elemental completely resists.
The fire elemental hits you. The fire elemental burns you!
The fire burns you terribly!
* * * LOW HITPOINT WARNING * * *
You block the fire elemental's attack. The fire elemental hits you.
The fire elemental burns you! The fire burns you terribly!
* * * LOW HITPOINT WARNING * * *
You block the fire elemental's attack.
The hell hound barks!
You hear an angry hiss.
You hear a shout!
You climb upwards.
There is a stone staircase leading down here.
You take 65 damage, and have 9/117 hp.
MASSIVE DAMAGE!!
Unknown command.
Okay, then.
You feel much better. The fire elemental misses you.
The fire elemental hits you. The fire elemental burns you!
The fire burns you terribly!
* * * LOW HITPOINT WARNING * * *
The fire elemental completely misses you.
The fire elemental hits you. The fire elemental burns you!
The fire burns you terribly!
* * * LOW HITPOINT WARNING * * *
You take 3 damage, and have 6/117 hp.
Okay, then.
You feel protected. You block the fire elemental's attack.
The fire elemental closely misses you. You block the fire elemental's attack.
The fire elemental closely misses you. The fire elemental hits you.
The fire elemental burns you!
You die...

##.#########.# #.# #.# #.#
#.# ########## #.#
#####.#####......... #.#
#................... #.#
#......###.......... #.#
#.......<.)...=..... #.#
##..EE..#.#.......... #.#
#..E@................ #.#
#....E#.#.#.##.....#. #.#
#.....#.#.#.#......#. #.#
#.....#.#.#.#...<..#.
#.#######....#.#.#<....##.
#.........................
################.#.....##.
#......#.#.....##.
#......#.##.#####.


You could see 4 fire elementals.

Vanquished Creatures
  Gastronok (Lair:2)
  An orc warlord (Orc:1)
  Josephine (Lair:5)
  A boulder beetle (Lair:3)
  9 hydras
  An ice dragon (Lair:6)
  4 ogre magi (Orc:2)
  A catoblepas (Lair:2)
  17 two-headed ogres
  4 death yaks (Lair:5)
  An orc high priest (Orc:1)
  2 skeletal warriors (Volcano)
  3 anaconda skeletons (Volcano)
  2 lindwurms (Lair:6)
  2 oklob plants (Lair:2)
  A wolf spider (Lair:6)
  2 manticores
  2 cyclopes
  An ugly thing (D:11)
  5 elephants (Lair:5)
  A guardian serpent (Lair:6)
  5 torpor snails (Lair:6)
  9 black mambas
  14 cane toads
  5 gargoyles (Volcano)
  A kobold demonologist (D:12)
  Maggie (Lair:2)
  An unseen horror (D:12)
  2 rime drakes
  Duvessa (D:5)
  11 komodo dragons
  6 trolls
  Grinder (D:5)
  4 polar bears
  3 tyrant leeches (Lair:6)
  9 hornets (Lair:6)
  19 blink frogs
  5 slime creatures (D:12)
  A harpy skeleton (Volcano)
  A meliai zombie (D:11)
  3 flying skulls (Volcano)
  A shadow (D:12)
  3 redbacks (Lair:6)
  3 alligator skeletons (Volcano)
  6 wraiths
  55 yaks
  13 wyverns
  2 basilisks
  11 vampire mosquitoes
  8 wargs
  An acid dragon (D:9)
  21 water moccasins
  2 sky beasts (D:7)
  A hornet zombie (D:8)
  2 black bears
  15 orc warriors
  A necrophage (D:6)
  30 ogres
  5 wolves (Lair:5)
  2 centaurs
  2 phantoms
  4 kobold brigands
  A wyvern zombie (D:8)
  3 scorpions
  A water moccasin zombie (D:6)
  14 bullfrogs
  4 gnoll sergeants (D:9)
  Dowan (D:5)
  12 killer bees
  2 wights (D:6)
  3 howler monkeys
  A spriggan skeleton (Volcano)
  2 troll skeletons (Volcano)
  An electric eel (Lair:2)
  4 centaur zombies
  6 hounds
  A jelly (D:8)
  2 gnoll shamans (D:9)
  Ijyb (D:4)
  18 orc priests
  3 iguanas
  Terence (D:2)
  26 orc wizards
  A naga skeleton (Volcano)
  10 adders
  39 gnolls
  A howler monkey skeleton (D:5)
  A white imp (D:6)
  2 ufetubi
  An adder skeleton (D:5)
  2 worms
  4 dart slugs
  63 orcs
  6 endoplasms
  3 giant cockroaches
  13 goblins
  2 hobgoblins
  8 jackals
  A quokka (D:5)
  4 ball pythons
  11 bats
  2 frilled lizards (D:1)
  20 kobolds
  3 rats
656 creatures vanquished.

Vanquished Creatures (collateral kills)
  A slime creature (D:12)
  A yak (Lair:2)
  A wolf (Lair:5)
  2 wights (D:6)
  An orc priest (D:9)
  2 orcs (D:9)
8 creatures vanquished.

Vanquished Creatures (others)
  Sigmund (D:5)
  A wight (D:6)
  52 fungi
  86 plants
140 creatures vanquished.

Grand Total: 804 creatures vanquished

Notes
Turn   | Place    | Note
-------+----------+-------------------------------------------
     0 | D:1      | gimp the Naga Earth Elementalist began the quest for the
                  | Orb.
     0 | D:1      | Reached XP level 1. HP: 15/15 MP: 3/3
   152 | D:1      | Reached XP level 2. HP: 22/22 MP: 5/5
   289 | D:1      | Reached XP level 3. HP: 19/28 MP: 4/6
   660 | D:1      | Learned a level 3 spell: Stone Arrow
  1170 | D:2      | Found a faded altar of an unknown god.
  1284 | D:2      | Reached skill level 1 in Conjurations
  1284 | D:2      | Reached XP level 4. HP: 36/36 MP: 4/7
  2056 | D:3      | Reached XP level 5. HP: 41/42 MP: 9/9
  2101 | D:3      | Found a glowing golden altar of the Shining One.
  2190 | D:3      | Noticed an orc warrior
  2352 | D:3      | Noticed Terence
  2380 | D:2      | Killed Terence
  2562 | D:3      | Killed an orc warrior
  2563 | D:3      | Reached skill level 3 in Spellcasting
  2563 | D:3      | Reached skill level 5 in Earth Magic
  2563 | D:3      | Reached XP level 6. HP: 49/49 MP: 3/10
  3554 | D:4      | Identified a scroll of acquirement
  3556 | D:4      | Acquired a staff of earth
  3564 | D:4      | Learned a level 4 spell: Petrify
  3651 | D:4      | Noticed Ijyb
  3681 | D:4      | Killed Ijyb
  3953 | D:4      | Found a shimmering altar of Xom.
  4216 | D:4      | Reached XP level 7. HP: 38/55 MP: 6/12
  5026 | D:5      | Entered Level 5 of the Dungeon
  5082 | D:5      | Noticed Grinder
  5089 | D:5      | Killed Grinder
  5103 | D:5      | Reached skill level 4 in Spellcasting
  5232 | D:5      | Reached XP level 8. HP: 62/62 MP: 11/14
  5273 | D:5      | Found Nesairy's Book Shop.
  5276 | D:5      | Reached skill level 5 in Conjurations
  5352 | D:5      | Found a shadowy altar of Dithmenos.
  5472 | D:5      | Noticed Sigmund
  5472 | D:5      | Noticed Dowan
  5472 | D:5      | Noticed Duvessa
  5480 | D:5      | Killed Dowan
  5488 | D:5      | Your ally died
  5498 | D:5      | Found Puqe's Book Shop.
  5508 | D:5      | Killed Duvessa
  5938 | D:5      | Learned a level 5 spell: Irradiate
  6011 | D:6      | Reached skill level 1 in Evocations
  6111 | D:6      | Reached XP level 9. HP: 68/68 MP: 11/16
  6305 | D:6      | Reached skill level 5 in Spellcasting
  7693 | D:7      | Reached skill level 1 in Short Blades
  7950 | D:7      | Found a staircase to the Ecumenical Temple.
  8090 | Temple   | Entered the Ecumenical Temple
  8776 | D:7      | Reached skill level 5 in Stealth
  8776 | D:7      | Reached XP level 10. HP: 75/75 MP: 10/17
  9966 | D:8      | Found an iron altar of Okawaru.
 10059 | D:8      | Found a sacrificial altar of Ru.
 10060 | D:8      | Found a white marble altar of Elyvilon.
 10061 | D:8      | Found a stormy altar of Qazlal.
 10551 | D:9      | Reached skill level 5 in Transmutations
 11752 | D:9      | Reached skill level 5 in Evocations
 12773 | D:9      | Found a snail-covered altar of Cheibriados.
 12853 | D:10     | Entered Level 10 of the Dungeon
 12860 | D:10     | Found a staircase to the Orcish Mines.
 12861 | D:10     | Found a radiant altar of Vehumet.
 13070 | D:10     | Became a worshipper of Vehumet
 13848 | D:10     | Noticed a two-headed ogre
 13864 | D:10     | Killed a two-headed ogre
 13865 | D:10     | Reached XP level 11. HP: 81/81 MP: 3/18
 14455 | D:10     | Found a hide-covered altar of Uskayaw.
 14848 | D:11     | Found a staircase to the Lair.
 14859 | D:11     | Reached skill level 5 in Short Blades
 14865 | D:11     | Reached * piety under Vehumet
 14865 | D:11     | Offered knowledge of Shock by Vehumet.
 14984 | D:11     | Noticed a manticore
 15116 | D:11     | You are sucked into a shaft and drop 1 floor!
 15128 | D:12     | Noticed Azrael
 15154 | D:12     | Noticed a two-headed ogre
 15203 | D:12     | HP: 2/81 [slime creature (9)]
 15338 | D:12     | Killed a two-headed ogre
 15432 | D:11     | Noticed a seven-headed hydra
 15613 | D:11     | Killed a manticore
 15614 | D:11     | Reached skill level 10 in Stealth
 15638 | D:11     | Noticed a cyan ugly thing
 15647 | D:11     | Killed a cyan ugly thing
 15978 | D:11     | Killed a seven-headed hydra
 16156 | D:11     | Found Jaybadd's Magic Scroll Emporium.
 16173 | D:11     | Learned a level 4 spell: Animate Armour
 16711 | D:12     | Found a runed translucent gate.
 16711 | D:12     | Found a runed translucent gate.
 16711 | D:12     | Found a runed translucent gate.
 16712 | D:12     | Found an opulent altar of Gozag.
 16713 | D:12     | Noticed tiocybot's ghost (journeyman GnTm)
 16713 | D:12     | Noticed an obsidian statue
 16713 | D:12     | Noticed a great orb of eyes
 16715 | D:12     | Noticed a centaur warrior
 16715 | D:12     | Noticed an orc knight
 16765 | D:12     | Noticed a cyclops
 16769 | D:12     | Killed a cyclops
 16780 | D:12     | Reached XP level 12. HP: 88/88 MP: 5/20
 16993 | D:12     | Reached ** piety under Vehumet
 16993 | D:12     | Offered knowledge of Magic Dart by Vehumet.
 17005 | D:12     | HP: 3/88 [vampire mosquito (10)]
 17194 | D:12     | Reached skill level 6 in Spellcasting
 17547 | Lair:1   | Entered Level 1 of the Lair of Beasts
 17558 | Lair:1   | Reached skill level 1 in Shields
 18544 | Lair:2   | Noticed a four-headed hydra
 18557 | Lair:2   | Killed a four-headed hydra
 18973 | Lair:2   | Noticed Gastronok
 19460 | Lair:2   | Killed Gastronok
 19489 | Lair:2   | Reached skill level 7 in Spellcasting
 19490 | Lair:2   | Gained mutation: You can use your snake-like lower body to
                  | constrict enemies. [Naga growth]
 19490 | Lair:2   | Reached XP level 13. HP: 69/94 MP: 12/23
 19505 | Lair:2   | Offered knowledge of Mephitic Cloud by Vehumet.
 19619 | Lair:2   | Reached skill level 5 in Shields
 19694 | Lair:2   | Noticed Maggie
 19702 | Lair:2   | Killed Maggie
 19879 | Lair:2   | Reached *** piety under Vehumet
 20131 | Lair:3   | Found a staircase to the Snake Pit.
 20140 | Lair:3   | Reached skill level 10 in Transmutations
 20140 | Lair:3   | Reached skill level 10 in Earth Magic
 20250 | Lair:3   | Learned a level 5 spell: Bolt of Magma
 20308 | Lair:3   | Reached skill level 1 in Summonings
 20447 | Lair:3   | Found a staircase to the Swamp.
 20541 | Lair:3   | Offered knowledge of Fulminant Prism by Vehumet.
 20686 | Lair:3   | Learned a level 1 spell: Apportation
 20957 | Lair:4   | Noticed Rupert
 21344 | Lair:4   | Reached skill level 8 in Spellcasting
 21469 | Lair:4   | Reached **** piety under Vehumet
 21956 | Lair:5   | Offered knowledge of Lee's Rapid Deconstruction by Vehumet.
 21964 | Lair:5   | Learned a level 5 spell: Lee's Rapid Deconstruction
 22002 | Lair:5   | Found a dark tunnel.
 22019 | Volcano  | Entered a volcano
 22188 | Volcano  | Reached XP level 14. HP: 69/102 MP: 11/26
 22895 | Lair:5   | Reached skill level 9 in Spellcasting
 22947 | Lair:5   | Noticed Josephine
 22953 | Lair:5   | Reached ***** piety under Vehumet
 22955 | Lair:5   | Killed Josephine
 23535 | Lair:6   | Entered Level 6 of the Lair of Beasts
 23872 | Lair:6   | Reached skill level 1 in Fighting
 23872 | Lair:6   | Reached skill level 1 in Fire Magic
 23875 | Lair:6   | Offered knowledge of Lightning Bolt by Vehumet.
 23939 | Lair:6   | Reached skill level 10 in Conjurations
 24095 | Lair:6   | Found a staircase to the Slime Pits.
 24392 | Lair:6   | Reached XP level 15. HP: 117/117 MP: 24/28
 24543 | Lair:6   | Found a runed translucent door.
 24709 | Lair:6   | Reached skill level 10 in Spellcasting
 24998 | Lair:6   | Learned a level 6 spell: Iron Shot
 25315 | Lair:6   | Reached skill level 1 in Armour
 25668 | Orc:1    | Entered Level 1 of the Orcish Mines
 25733 | Orc:1    | Found Doqo's Gadget Gallery.
 25783 | Orc:2    | Entered Level 2 of the Orcish Mines
 25783 | Orc:2    | Found a staircase to the Elven Halls.
 25828 | Orc:2    | Offered knowledge of Fireball by Vehumet.
 26057 | Orc:2    | Found a runed translucent gate.
 26057 | Orc:2    | Found a runed translucent gate.
 26057 | Orc:2    | Found a runed translucent gate.
 26062 | Orc:2    | Noticed Cagyjeol's ghost (journeyman MiBe)
 26236 | Orc:1    | Noticed an orc warlord
 26257 | Orc:1    | Killed an orc warlord
 26277 | Orc:1    | Learned a level 5 spell: Fireball
 26797 | Orc:2    | Reached skill level 11 in Spellcasting
 27018 | Orc:2    | Reached skill level 12 in Spellcasting
 27235 | Orc:2    | Found Huod's Antique Armour Shop.
 27235 | Orc:2    | Found Zuryushe's Weapon Emporium.
 27236 | Orc:2    | Found Wublae Teig's Armour Emporium.
 27236 | Orc:2    | Found Asyi's General Store.
 27487 | Orc:2    | Bought a scroll of fog for 32 gold pieces
 27488 | Orc:2    | Bought a +1 cloak of willpower for 198 gold pieces
 27488 | Orc:2    | Bought the +1 kite shield of Fieful {Str+3 Dex+2} for 324
                  | gold pieces
 27513 | Orc:2    | Bought a scorched ring mail for 297 gold pieces
 27513 | Orc:2    | Identified the +0 ring mail of Raigyug {rF+ rC- rCorr
                  | Str+3} (You bought it in a shop on level 2 of the Orcish
                  | Mines)
 27658 | D:11     | Slain by a fire elemental

Illustrated notes

Levels and vault maps discovered:
D:1:      roderic_chinese_lattice_arrival, layout_basic,
          minmay_misc_feat_encased
D:2:      minmay_door_path, layout_rooms, ebering_ecumenical_altar_ruins,
          minmay_diced_spiral
D:3:      layout_loops_corners, lemuel_tele_altar, uniq_terence
D:4:      layout_layer_cave, overflow_temple_1_default, uniq_ijyb
D:5:      layout_gridville, nicolae_dithmenos_shadow_blocks, serial_shops,
          nicolae_shop_waterfront, nicolae_diamond_shop, uniq_grinder,
          uniq_sigmund, uniq_duvessa
D:6:      layout_loops_cross
D:7:      layout_loops_corners, minmay_temple_entry_large_hall
D:8:      layout_basic, mainiacjoe_overflow_alcove_3
D:9:      layout_cave_pools, slow_altar_2, serial_gnoll_camp,
          gnoll_camp_mini_sergeant, gnoll_camp_medium_01, gnoll_camp_huts_moat,
          gnoll_camp_mini_loothouse, gnoll_camp_mini_hut
D:10:     layout_stronghold, fiery_altar_vehumet, nicolae_uskayaw_dance_studio
D:11:     layout_basic, erik_lair_orcish_takeover, serial_shops, shop
D:12:     layout_roguey, ebering_ghost_gozag, hangedman_misty_isle, uniq_azrael
Temple:   minmay_temple_bridge_abc
Lair:1:   layout_regular_city, infiniplex_staircase_pool_2
Lair:2:   layout_layer_cave, grunt_megastairs_5, serial_bayou_shore_a,
          minmay_lair_oklob_chamber, lemuel_fruit_tree, uniq_gastronok,
          uniq_maggie
Lair:3:   layout_misc_corridors, minmay_swamp_entry_swarm, dummy_snake_entry,
          serial_bayou_shore_b
Lair:4:   layout_regular_city, uniq_rupert
Lair:5:   layout_loops_ring, nicolae_volcano_entry_lava_flow,
          grunt_megastairs_2, uniq_josephine
Lair:6:   hangedman_lair_tendril_chambers, layout_long_grid, wormcave,
          minmay_slime_entry_oklob_open
Orc:1:    layout_caves, basic_altar, nicolae_shop_gadgets
Orc:2:    st_orc_ogre_mass, layout_caves, gammafunk_ghost_necromancy,
          mines1_david

Skill      XL: |  1  2  3  4  5  6  7  8  9 10 11 12 13 14 15 |
---------------+----------------------------------------------+-----
Earth Magic    | 4 5 6 7 8 9 10 | 10.0
Conjurations   | 1 2 3 4 6 8 10 | 10.9
Spellcasting   | 3 4 5 7 8 9 12 | 12.6
Evocations     | 1 3 5 7 8 |  8.0
Short Blades   | 2 4 6 |  6.2
Transmutations | 3 7 8 9 10 | 10.0
Stealth        | 5 8 10 | 10.0
Shields        | 4 7 9 |  9.0
Summonings     | 3 4 |  4.0
Fighting       | 3 |  3.0
Fire Magic     | 3 4 |  4.7
Dodging        | 2 3 |  3.0
Armour         | 1 |  1.3

Action                   |  1- 3 |  4- 6 |  7- 9 | 10-12 | 13-15 || total
-------------------------+-------+-------+-------+-------+-------++-------
Melee: Dagger            |    12 |    21 |       |   151 |    78 ||   262
       Staff             |       |    19 |    21 |    30 |    55 ||   125
       Unarmed           |       |       |       |    13 |       ||    13
       Constrict         |       |       |       |       |    22 ||    22
 Cast: Sandblast         |    27 |    56 |    47 |    12 |    13 ||   155
       Stone Arrow       |       |     5 |    69 |   251 |   367 ||   692
       Petrify           |       |       |       |    22 |    27 ||    49
       Irradiate         |       |       |       |    11 |    40 ||    51
       Animate Armour    |       |       |       |     5 |     5 ||    10
       Lee's Rapid Decon |       |       |       |       |    22 ||    22
       Bolt of Magma     |       |       |       |       |    50 ||    50
       Fireball          |       |       |       |       |     1 ||     1
 Abil: Spit Poison       |    23 |    39 |     6 |     1 |       ||    69
Evoke: Wand              |       |       |     2 |    22 |     6 ||    30
  Use: Potion            |       |     1 |       |     8 |     2 ||    11
       Scroll            |       |     7 |       |    19 |     6 ||    32
 Stab: Petrified         |       |       |       |    26 |    27 ||    53
       Paralysed         |       |       |       |     5 |     1 ||     6
       Distracted        |       |       |       |     1 |       ||     1
       Petrifying        |       |       |       |       |     1 ||     1
Armor: Robe              |    10 |    19 |     9 |    29 |       ||    67
       Skin              |       |       |       |     2 |       ||     2
       Troll leather arm |       |       |       |    67 |    62 ||   129
       Leather armour    |       |       |       |       |    30 ||    30
Dodge: Dodged            |    15 |    36 |    31 |   185 |    93 ||   360
Block: Kite shield       |       |       |       |       |   103 ||   103
